 Dungeon Crawl Stone Soup version 0.29-a0-643-ga013cefcf8 (webtiles) character file.

Game seed: 11208931118978548501

791 wilfster70 the Cleaver (level 7, -4/63 HPs)
             Began as a Hill Orc Fighter on June 19, 2022.
             Was an Initiate of Beogh.
             Slain by an ogre
             ... wielding a +0 giant club
              (17 damage)
             ... on level 4 of the Dungeon.
             The game lasted 00:06:54 (3585 turns).

wilfster70 the Cleaver (Hill Orc Fighter)           Turns: 3585, Time: 00:06:55

Health: -4/63      AC:  9    Str: 21    XL:     7   Next: 88%
Magic:  10/10      EV:  7    Int:  8    God:    Beogh [......]
Gold:   195        SH:  6    Dex: 16    Spells: 6/6 levels left

rFire   + . .      SeeInvis .   a - +0 broad axe
rCold   . . .      Faith    .   c - +1 buckler
rNeg    . . .      Spirit   .   m - +0 chain mail
rPois   .          Reflect  .   (no helmet)
rElec   .          Harm     .   (no cloak)
rCorr   .          Rampage  .   (no gloves)
Will    .....                   (no boots)
Stlth   ..........              k - amulet of regeneration
HPRegen 1.00/turn               f - +6 ring of dexterity
MPRegen 0.12/turn               o - ring of protection from fire

@: no status effects
A: no striking features
a: Renounce Religion


You were on level 4 of the Dungeon.
You worshipped Beogh.
Beogh was noncommittal.
You visited 1 branch of the dungeon, and saw 5 of its levels.

You collected 195 gold pieces.

Inventory:

Hand Weapons
 a - a +0 broad axe (weapon)
Missiles
 t - a silver boomerang (quivered)
Armour
 c - a +1 buckler (worn)
 m - a +0 chain mail (worn)
Jewellery
 f - a +6 ring of dexterity (left hand)
 k - an amulet of regeneration (around neck)
 o - a ring of protection from fire (right hand)
 u - a ring of fire
Wands
 q - a wand of polymorph (4)
 v - a wand of paralysis (10)
Scrolls
 b - a scroll of vulnerability {unknown}
 h - 2 scrolls of enchant armour
 l - 2 scrolls of teleportation
 r - a scroll of identify
 s - a scroll of enchant weapon {unknown}
 w - a scroll of torment {unknown}
Potions
 d - a potion of might
 e - 2 potions of attraction {unknown}
 g - 2 potions of lignification
 i - a potion of berserk rage {unknown}
 j - 2 potions of resistance
 n - a potion of brilliance {unknown}
 p - a potion of cancellation {unknown}


   Skills:
 + Level 6.2 Fighting
 * Level 8.4 Axes
 - Level 3.2 Armour
 - Level 4.0 Shields
 + Level 4.3 Invocations


You had 6 spell levels left.
You didn't know any spells.
Your spell library contained the following spells:

 Spells                   Type           Power      Damage    Failure   Level
 Summon Small Mammal      Summ           0%         N/A       99%         1
 Call Canine Familiar     Summ           0%         N/A       100%        3
 Summon Guardian Golem    Hex/Summ       0%         N/A       100%        3
 Summon Forest            Summ/Tloc      0%         N/A       100%        5
 Eringya's Noxious Bog    Tmut/Pois      0%         N/A       100%        6
 Orb of Destruction       Conj           0%         9d5       100%        7
 Spellforged Servitor     Conj/Summ      0%         N/A       100%        7
 Summon Hydra             Summ           0%         N/A       100%        7


Dungeon Overview and Level Annotations

Branches:
Dungeon (5/15)
 Temple: D:4-7

Altars:

Shops:
D:4 (


Message History

You barely miss the ogre.
The ogre is heavily wounded.
You hit the scorpion but do no damage. You hit the ufetubus.
You barely miss the ogre. The ufetubus closely misses you.
The ufetubus barely misses you. You block the scorpion's attack.
You block the ufetubus's attack. The ufetubus barely misses you.
The ogre barely misses you. You block the scorpion's attack.
The ogre closely misses you.
You slash the ogre!
You kill the ogre!
Beogh accepts your kill.
You slash the scorpion! You barely miss the ufetubus. You barely miss the ogre.
You block the ufetubus's attack. The ufetubus completely misses you.
The scorpion barely misses you.
The ufetubus hits you but does no damage. x2
You barely miss the ogre. You miss the ufetubus. You barely miss the scorpion.
You block the scorpion's attack. You block the ogre's attack.
The ufetubus hits you.
The ufetubus hits you but does no damage.
You hit the ogre.
The ogre is lightly wounded.
You barely miss the scorpion. You slash the ufetubus!
You kill the ufetubus!
Beogh accepts your kill.
The scorpion stings you but does no damage.
You block the ogre's attack.
The scorpion stings you but does no damage.
You slash the ogre!
The ogre is moderately wounded.
You hit the scorpion but do no damage. The scorpion barely misses you.
The ogre hits you with a +0 giant club!!
* * * LOW HITPOINT WARNING * * *
You hit the ogre.
The ogre is moderately wounded.
You hit the scorpion. The scorpion stings you.
* * * LOW HITPOINT WARNING * * *
The scorpion stings you.
* * * LOW HITPOINT WARNING * * *
The ogre hits you with a +0 giant club!
You die...

#........#.#>##....#.#+#)### #.
#........#.#.##.####.#.#.# #.
#........#.#.##†####.#.#.# #.
#........#.#.#...........# ##
#.#.##.#.#.#.########....#######
##+#.##.#.#.#.###................
#.....#.#.#.#.<......####........
#.....#.#.......)s...# #........
#.....#.###.##.O@....# #........
#.)...#.#.........#### #........
#.....#.#.#.#############........
#.....#.#.#......................
#.......#.####.....#######.......
##.##.....# #.....# #.......
#.##.########.....###########...
##.##.#...........)#.....# #...
......#(#######...##.....# #...


You could see an ogre and a scorpion.

Vanquished Creatures
  2 ogres (D:4)
  Blork the orc (D:4)
  2 scorpions (D:4)
  2 necrophages
  2 jellies
  4 hounds
  An orc priest (D:4)
  4 adders
  An ufetubus (D:4)
  A worm (D:4)
  3 dart slugs
  4 orcs
  3 bats
  5 endoplasms
  A giant cockroach (D:2)
  5 goblins
  7 hobgoblins
  5 kobolds
  3 quokkas
  2 ball pythons
  2 frilled lizards
  5 rats
65 creatures vanquished.

Vanquished Creatures (others)
  An orc (D:4)
  8 withered plants (D:2)
9 creatures vanquished.

Grand Total: 74 creatures vanquished

Notes
Turn   | Place    | Note
-------+----------+-------------------------------------------
     0 | D:1      | wilfster70 the Hill Orc Fighter began the quest for the
                  | Orb.
     0 | D:1      | Reached XP level 1. HP: 19/19 MP: 1/1
   243 | D:1      | Reached skill level 3 in Axes
   412 | D:1      | Reached XP level 2. HP: 24/27 MP: 2/2
  1006 | D:2      | Reached XP level 3. HP: 33/33 MP: 3/3
  1040 | D:2      | Found a faded altar of an unknown god.
  1339 | D:2      | Reached skill level 4 in Axes
  1664 | D:3      | Reached XP level 4. HP: 39/40 MP: 4/4
  2422 | D:4      | Reached skill level 5 in Axes
  2422 | D:4      | Reached XP level 5. HP: 45/47 MP: 5/5
  2437 | D:4      | Became a worshipper of Beogh the Brigand
  2525 | D:4      | Reached skill level 1 in Invocations
  2574 | D:4      | Noticed Blork the orc
  2586 | D:4      | Killed Blork the orc
  2587 | D:4      | Reached skill level 5 in Fighting
  2587 | D:4      | Reached skill level 6 in Axes
  2587 | D:4      | Reached XP level 6. HP: 26/56 MP: 5/7
  2985 | D:4      | Reached skill level 7 in Axes
  2985 | D:4      | Reached XP level 7. HP: 12/61 MP: 9/9
  3141 | D:4      | Found Qafat's Weapon Boutique.
  3419 | D:5      | Entered Level 5 of the Dungeon
  3555 | D:4      | Reached skill level 8 in Axes
  3585 | D:4      | Slain by an ogre

Illustrated notes

Levels and vault maps discovered:
D:1:      onia_arrival_mini_maze_b, layout_basic, serial_curves, eino_curves_03,
          eino_curves_03
D:2:      layout_loops_ring, ebering_ecumenical_altar_petrified
D:3:      layout_basic, wander_ebering_terrifying_dragon_lair
D:4:      layout_basic, serial_shops, nicolae_shop_bloodbath_and_beyond,
          uniq_blork_the_orc
D:5:      layout_gridville, minmay_temple_entry_drinking_statues, serial_shops,
          kennysheep_mini, hex_tiny, hangedman_minor_gate_pass

Skill      XL: |  1  2  3  4  5  6  7 |
---------------+----------------------+-----
Axes           | 3 4 5 6 7 8 |  8.4
Fighting       | 4 5 6 |  6.2
Shields        | 4 |  4.0
Invocations    | 2 3 4 |  4.3
Armour         | |  3.2

Action                   |  1- 3 |  4- 6 |  7- 9 || total
-------------------------+-------+-------+-------++-------
Melee: War axe           |    77 |    60 |       ||   137
       Broad axe         |       |    20 |    58 ||    78
Invok: Convert to Beogh  |       |     1 |       ||     1
  Use: Scroll            |     3 |     4 |       ||     7
       Potion            |       |     1 |       ||     1
Armor: Scale mail        |    10 |       |       ||    10
       Chain mail        |    29 |    45 |    34 ||   108
Dodge: Dodged            |    23 |    28 |    39 ||    90
Block: Buckler           |    21 |    22 |    28 ||    71

Table legend: (Time is in decaauts)
 A = Elapsed time spent in this place.
 B = Non-inter-level travel time spent in this place.
 C = Inter-level travel time spent in this place.
 D = Time resting spent in this place.
 E = Time spent auto-exploring this place.
 F = Levels seen in this place.
 G = Mean time per level.
                   A        B        C        D        E       F      G
               +--------+--------+--------+--------+--------+-----+--------+
         Total |   3647 |   3521 |    126 |    143 |   2383 |   5 |  729.4 |
       Dungeon |   3647 |   3521 |    126 |    143 |   2383 |   5 |  729.4 |
               +--------+--------+--------+--------+--------+-----+--------+

Top non-repeatable levels by time:
     D:4: 1132 daAuts
     D:1: 911 daAuts
     D:3: 757 daAuts
     D:2: 704 daAuts
     D:5: 141 daAuts
